 Dungeon Crawl Stone Soup version 0.30.0-5-g1a98f26d00 (webtiles) character file.

Game seed: 14220420109485871766

702 xSliceyx the Magician (level 7, -1/45 HPs)
             Began as a Djinni Hedge Wizard on May 8, 2023.
             Shot with an arrow by a centaur (9 damage)
             ... on level 6 of the Dungeon.
             The game lasted 00:19:10 (3749 turns).

xSliceyx the Magician (Djinni Hedge Wizard)         Turns: 3749, Time: 00:19:10

Health: -1/45      AC:  3    Str:  9    XL:     7   Next: 98%
Gold:   214        EV: 13    Int: 18    God:
                   SH:  0    Dex: 12

rFire   + + .        j - +1 mace
rCold   x . .        (no shield)
rNeg    . . .        b - +0 robe
rPois   ∞            c - +1 hat
rElec   .            (no cloak)
rCorr   .            (no gloves)
SInv    .            (boots unavailable)
Will    .....        (no amulet)
Stlth   ++           (no ring)
HPRegen 0.27/turn    (no ring)
MPRegen 0.00/turn

%: infuse magic (-2 HP)
@: about to teleport, on blink cooldown, flying
A: sickness immunity, fire resistance 2, cold vulnerability 1, float, innate
caster, HP casting, extra vitality 1
a: no special abilities


You were on level 6 of the Dungeon.
You visited 1 branch of the dungeon, and saw 6 of its levels.

You collected 214 gold pieces.

Inventory:

Hand Weapons
 j - a +1 mace (weapon)
Missiles
 o - 4 poisoned darts
Armour
 b - a +0 robe (worn)
 c - a +1 hat (worn)
Magical Staves
 e - a staff of fire
Scrolls
 a - a scroll of blinking {unknown}
 d - a scroll of enchant weapon
 h - 2 scrolls of teleportation
 i - 2 scrolls of poison
 l - 3 scrolls of fog
 m - a scroll of amnesia {unknown}
 n - a scroll of noise {unknown}
 r - a scroll of torment
 u - a scroll of identify
Potions
 f - 2 potions of curing
 g - a potion of lignification {unknown}
 k - a potion of flight {unknown}
 p - a potion of degeneration {unknown}
 q - a potion of brilliance {unknown}
 s - a potion of invisibility {unknown}
 t - a potion of attraction {unknown}


   Skills:
 + Level 4.8 Dodging
 - Level 1.5 Stealth
 - Level 6.0 Spellcasting


You knew the following spells:

 Your Spells              Type           Power      Damage    Failure   Level
a - Magic Dart            Conj           100%       1d8       1%          1
b - Slow                  Hex            100%       N/A       1%          1
c - Blink                 Tloc           54%        N/A       1%          2
d - Call Imp              Summ           54%        N/A       1%          2
e - Mephitic Cloud        Conj/Pois/Air  27%        N/A       3%          3
f - Sting                 Tmut/Pois      100%       1d8       1%          1
g - Searing Ray           Conj           54%        2d6       1%          2
h - Volatile Blastmotes   Fire/Tloc      54%        2d14      3%          3
Your spell library was empty.

Dungeon Overview and Level Annotations

Branches:
Dungeon (7/15)
 Temple: D:4-7

Altars:
Xom

Annotations:
D:4 2 transporters


Innate Abilities, Weirdness & Mutations

You are immune to sickness and miasma.
You are immune to poison.
Your flesh is very heat resistant. (rF++)
You are vulnerable to cold. (rC-)
You float through the air rather than walking.
You learn spells naturally, not from books.
Your magical power is your life essence.
You have superior vitality. (+4 MHP)


Message History

You blink.
A shadow imp comes into view.
Found a dagger and 7 stones.
The shadow imp shouts!
Unknown command.
Casting: Blink (safe; 1% risk of failure)
Confirm with . or Enter, or press ? or * to list all spells.
A cloud of volatile blastmotes flares up around you!
The vampire mosquito barely misses you.
The vampire mosquito closely misses you.
The bullfrog closely misses you.
A centaur, a vampire mosquito and an orc come into view.
Found 18 gold pieces.
Found a stone staircase leading down.
You feel stable enough to blink again.
The centaur shouts!
The orc shouts!
The cloud of blastmotes explodes!
The concussive blast engulfs the vampire mosquito!
You destroy the vampire mosquito!
The concussive blast engulfs you. You resist.
The concussive blast engulfs the bullfrog.
The bullfrog is lightly wounded.
You are knocked back by the blast. 2 vampire mosquitoes, an orc wizard and an orc come into view.
The bullfrog is knocked back by the blast.
The vampire mosquito bites you!
* * * LOW HITPOINT WARNING * * *
An orc wizard comes into view. It is wielding a +0 dagger.
An iguana comes into view.
The orc wizard shouts!
You hear a shout!
Your Dodging skill increases to level 4!
Found a stone staircase leading up.
Casting: Volatile Blastmotes (dangerous; 3% risk of failure)
Confirm with . or Enter, or press ? or * to list all spells.
You blink.
* * * LOW HITPOINT WARNING * * *
The centaur wields a +0 shortbow.
The centaur shoots an arrow.
The arrow misses you.
As you read the scroll of teleportation, it crumbles to dust.
You feel strangely unstable.
The centaur shoots an arrow.
The arrow hits you!
You die...

. #...o<...#
#########ol...o..#
#............o..####
#....@....c........(
#.....y.............
#.......F...........
#.......y....5.....
#.......y.......#
###......?#...#.######
######..##.##.##...
#...#.##..#.##
##....###....##


You could see 3 vampire mosquitoes, a bullfrog, a centaur, an iguana and 2 orc
wizards.

Vanquished Creatures
  A vampire mosquito (D:6)
  A sky beast (D:4)
  2 scorpions
  2 hounds (D:4)
  A jelly (D:4)
  A gnoll bouda (D:3)
  An iguana (D:7)
  3 gnolls (D:3)
  6 adders
  An ufetubus (D:4)
  2 worms (D:3)
  3 dart slugs
  An orc (D:3)
  9 bats
  5 endoplasms
  4 giant cockroaches
  2 goblins
  7 hobgoblins
  13 jackals
  13 kobolds
  2 quokkas (D:1)
  6 ball pythons
  3 frilled lizards
  5 rats
94 creatures vanquished.

Vanquished Creatures (collateral kills)
  A hound (D:3)
  An orc (D:4)
  A kobold (D:4)
  2 butterflies (D:4)
5 creatures vanquished.

Grand Total: 99 creatures vanquished

Notes
Turn   | Place    | Note
-------+----------+-------------------------------------------
     0 | D:1      | xSliceyx the Djinni Hedge Wizard began the quest for the
                  | Orb.
     0 | D:1      | xSliceyx set off with the following spells memorised: Magic
                  | Dart, Slow, Blink, Call Imp, Mephitic Cloud.
     0 | D:1      | Reached XP level 1. HP: 15/15 MP: 0/0
   153 | D:1      | Reached XP level 2. HP: 17/21 MP: 0/0
   254 | D:1      | Reached skill level 3 in Spellcasting
   348 | D:1      | Reached XP level 3. HP: 23/25 MP: 0/0
   348 | D:1      | Learned a level 1 spell: Sting
  1163 | D:1      | Reached XP level 4. HP: 22/31 MP: 0/0
  1882 | D:2      | Reached skill level 4 in Spellcasting
  1970 | D:3      | Reached XP level 5. HP: 25/35 MP: 0/0
  1970 | D:3      | Learned a level 2 spell: Searing Ray
  2339 | D:3      | Reached XP level 6. HP: 11/40 MP: 0/0
  2589 | D:3      | Reached skill level 5 in Spellcasting
  2889 | D:4      | Found a transporter.
  2930 | D:4      | Found a shimmering altar of Xom.
  2947 | D:4      | Noticed a sky beast
  2967 | D:4      | Killed a sky beast
  3072 | D:4      | Reached XP level 7. HP: 34/45 MP: 0/0
  3072 | D:4      | Learned a level 3 spell: Volatile Blastmotes
  3194 | D:4      | Found a transporter.
  3250 | D:4      | Reached skill level 6 in Spellcasting
  3588 | D:4      | You are sucked into a shaft and drop 3 floors!
  3741 | D:6      | Noticed a vampire mosquito
  3747 | D:6      | Noticed a vampire mosquito
  3747 | D:6      | Killed a vampire mosquito
  3747 | D:6      | Noticed a vampire mosquito
  3747 | D:6      | Noticed a vampire mosquito
  3749 | D:6      | Shot with an arrow by a centaur

Illustrated notes

Levels and vault maps discovered:
D:1:      mrwooster_arrival_statue, layout_loops_cross
D:2:      layout_rooms, chequers_serial_rivers_micro_e
D:3:      layout_basic
D:4:      gammafunk_steamed_eel, layout_layer_cave, xom_butterflies,
          portal_sewer_entry_e, grunt_tough_drop
D:6:      layout_rooms, minmay_temple_entry_offerings
D:7:      layout_cave_pods, mainiacjoe_overflow_catwalk,
          minmay_misc_feat_hallway

Skill      XL: |  1  2  3  4  5  6  7 |
---------------+----------------------+-----
Spellcasting   | 3 4 5 6 |  6.0
Dodging        | 4 |  4.8
Stealth        | |  1.5

Action                     |  1- 3 |  4- 6 |  7- 9 || total
---------------------------+-------+-------+-------++-------
  Melee: Mace              |       |       |     1 ||     1
   Cast: Magic Dart        |    78 |    63 |    26 ||   167
         Sting             |    17 |    54 |    12 ||    83
         Call Imp          |       |     5 |     3 ||     8
         Searing Ray       |       |     2 |       ||     2
         Blink             |       |     2 |     5 ||     7
         Volatile Blastmot |       |       |     4 ||     4
    Use: Scroll            |       |     7 |     1 ||     8
 Armour: Robe              |     3 |     9 |     6 ||    18
  Dodge: Dodged            |    18 |    32 |    24 ||    74
